Unix NetHack Version 5.0.0-0 post-release - last build May 17 2026 04:57:42 (dc50c8380fa5e20985bfe3072449f57b8d9895ef,branch:main).

Game began 2026-05-21 03:48:21, ended 2026-05-21 03:56:35.

CyberFan, lawful male dwarven Archeologist

                                                        ---
                                                         .
                                                         .
                                                         .
                                                         .
                                                         .  #
                                                            #
         ---------             ------                       #
         |........      #####0#|....|                #####  #
         |...<...|      #######......         ###########@B##
         |........#######     #|....|####     #--------   #        +--
         |.......|             |....-###### ##0|..%...|   #        $.|
         |.......|             |....|    ######|......|   #      ....|
         ---------             |.....##########-......|   #    ......|
                               ------         #|.....>|   #  ........|
                                               |......|   #-.........|
                                               --------     ----------

CyberFan the Digger        St:14 Dx:8 Co:13 In:15 Wi:14 Ch:13  Lawful
Dlvl:3  $:50 HP:0(19) Pw:2(2) AC:9  Xp:2/37 T:740 

Latest messages:
 You descend the stairs.
 $ - 6 gold pieces (43 in total).
 You hit the newt.
 The little dog misses the newt.
 The little dog bites the newt.
 The newt is killed!
 With great effort you move the boulder.
 You hit the lichen.
 You kill the lichen!
 $ - 7 gold pieces (50 in total).
 Ouch!  You bump into a door.
 In what direction?
 The door resists!
 In what direction?
 The door opens.
 Pick a monster, object or location.
 You descend the stairs.
 You climb up the stairs.
 You swap places with your little dog.
 You swap places with your little dog.
 You swap places with your little dog.
 The little dog misses the gecko.
 You hit the gecko.
 The little dog misses the gecko.
 The gecko bites!
 You kill the gecko!
 You decipher the label on your scroll labeled LEP GEX VEN ZEA.
 u - a scroll of identify.
 The bat bites!
 You hit the bat.
 The bat just misses!
 The bat bites!
 You kill the bat!
 You see here a bat corpse.
 The bat bites!
 Your little dog eats a bat corpse.
 The bat bites!
 You swap places with your little dog.
 The goblin opens a door.
 You miss the goblin.
 The goblin thrusts her crude dagger.
 The goblin hits!
 You swap places with your little dog.
 The goblin thrusts her crude dagger.
 The goblin hits!
 The little dog misses the goblin.
 You hear some noises.
 The bat bites!
 The bat bites!
 You die...

Inventory:
 Coins    ('$')
  $ - 50 gold pieces
 Amulets  ('"')
  j - an uncursed amulet of flying
 Weapons  (')')
  a - an uncursed +2 bullwhip (alternate weapon; not wielded)
 Armor    ('[')
  c - an uncursed +0 fedora (being worn)
  p - an uncursed +0 orcish helm
  b - an uncursed +0 leather jacket (being worn)
 Comestibles  ('%')
  d - 3 uncursed food rations
  o - an uncursed lembas wafer
  t - an uncursed lichen corpse
 Scrolls  ('?')
  u - a cursed scroll of identify
  l - an uncursed scroll of light
 Rings    ('=')
  i - an uncursed ring of levitation
 Wands    ('/')
  m - an uncursed wand of digging (0:4)
 Tools    ('(')
  h - an empty uncursed sack
  e - an uncursed +0 pick-axe (weapon in left hand)
  f - an uncursed tinning kit (0:60)
 Gems/Stones  ('*')
  g - an uncursed touchstone

CyberFan the Archeologist's attributes:

Background:
 You were a Digger, a level 2 male dwarven Archeologist.
 You were lawful, on a mission for Quetzalcoatl
 who was opposed by Camaxtli (neutral) and Huhetotl (chaotic).
 You were left-handed.
 You were in the Dungeons of Doom, on level 3.
 You entered the dungeon 740 turns ago.
 It was nighttime.
 You had 37 experience points, 3 more were needed to attain level 3.

Basics:
 You had 0 out of 19 hit points.
 You had both energy points (spell power).
 Your armor class was 9.
 Your wallet contained 50 zorkmids.
 Autopickup was on for '$%?!"=/*', with exceptions.

Final Characteristics:
 Your strength was 14 (limit:18/100).
 Your dexterity was 8 (limit:20).
 Your constitution was 13 (limit:20).
 Your intelligence was 15 (limit:16).
 Your wisdom was 14 (limit:16).
 Your charisma was 13 (limit:16).

Final Status:
 You weren't hungry.
 You were unencumbered.
 You were wielding a pick-axe.
 You had basic skill with pick-axe.

Final Attributes:
 You were fervently aligned.
 You had automatic searching.
 You had infravision.
 You were lucky.
 You are dead.

Miscellaneous:
 You disabled loading and storing of bones levels.
 Total elapsed playing time was 8 minutes and 13 seconds.

Major events:
 Turn
    1: CyberFan the lawful male dwarven Archeologist entered the dungeon
  666: entered the Gnomish Mines
  740: killed by a bat

You didn't know any spells.

Skills:
 Fighting Skills
   bare handed combat [Unskilled]
   two weapon combat  [Unskilled]
   riding             [Unskilled]
 Weapon Skills
   dagger             [Unskilled]
   knife              [Unskilled]
   pick-axe           [Basic]
   short sword        [Unskilled]
   saber              [Unskilled]
   club               [Unskilled]
   quarterstaff       [Unskilled]
   sling              [Unskilled]
   dart               [Unskilled]
   boomerang          [Unskilled]
   whip               [Basic]
   unicorn horn       [Unskilled]
 Spellcasting Skills
   attack spells      [Unskilled]
   healing spells     [Unskilled]
   divination spells  [Unskilled]
   matter spells      [Unskilled]

Voluntary challenges:
 Character rerolling was not enabled.
 You never genocided any monsters.
 You never polymorphed an object.
 You never changed form.
 You used no wishes.
Achievement:
 You entered the Gnomish Mines.

 The Dungeons of Doom: levels 1 to 3
    Level 1:
       A fountain.
    Level 2:
       An altar to Quetzalcoatl, a fountain.
    Level 3: <- You were here.
       Stairs down to The Gnomish Mines.
       Final resting place for
          you, killed by a bat.
 The Gnomish Mines:
    Level 4:


Vanquished creatures:
  a gecko
  3 jackals
  4 foxes
  a goblin
  a bat
  2 lichens
  7 newts
19 creatures vanquished.

No species were genocided or became extinct.

Game over:
                       ----------
                      /          \
                     /    REST    \
                    /      IN      \
                   /     PEACE      \
                  /                  \
                  |     CyberFan     |
                  |      50 Au       |
                  | killed by a bat  |
                  |                  |
                  |                  |
                  |                  |
                  |       2026       |
                 *|     *  *  *      | *
        _________)/\\_//(\/(/\)/\//\/|_)_______

Goodbye CyberFan the Archeologist...

You died in The Dungeons of Doom on dungeon level 3 with 343 points,
and 50 pieces of gold, after 740 moves.
You were level 2 with a maximum of 19 hit points when you died.

